 Dungeon Crawl Stone Soup version 0.23-a0-336-g43d87f4c55 (webtiles) character file.

24 Leibowitz the Sneak (level 3, 0/19 HPs)
             Began as a Kobold Enchanter on Oct 18, 2018.
             Slain by a jackal (2 damage)
             ... on level 1 of the Dungeon.
             The game lasted 00:02:40 (571 turns).

Leibowitz the Sneak (Kobold Enchanter)               Turns: 571, Time: 00:02:41

Health: 0/19       AC:  2    Str:  5    XL:     3   Next: 15%
Magic:  2/6        EV: 15    Int: 17    God:
Gold:   54         SH:  0    Dex: 15    Spells: 3/6 levels left

rFire    . . .     SeeInvis .   a - +4 dagger (flame)
rCold    . . .     Gourm    .   (shield restricted)
rNeg     . . .     Faith    .   b - +0 robe
rPois    .         Spirit   .   (no helmet)
rElec    .         Reflect  .   (no cloak)
rCorr    .         Harm     .   (no gloves)
MR       .....                  (no boots)
Stlth    +++.......             (no amulet)
HPRegen  0.06/turn              (no ring)
MPRegen  0.10/turn              (no ring)

@: flying
A: small, carnivore
a: no special abilities


You were on level 1 of the Dungeon.
You were full.

You visited 1 branch of the dungeon, and saw 1 of its levels.

You collected 54 gold pieces.

Inventory:

Hand Weapons
 a - a +4 dagger of flaming (weapon)
Armour
 b - a +0 robe (worn)
Scrolls
 c - a scroll of immolation {unknown}
 e - a scroll of identify {unknown}
Potions
 g - a potion of haste {unknown}
Comestibles
 d - 2 rations


   Skills:
 + Level 1.5 Short Blades
 * Level 2.4 Dodging
 * Level 4.6 Stealth
 * Level 2.4 Spellcasting
 * Level 3.4 Hexes


You had 3 spell levels left.
You knew the following spells:

 Your Spells              Type           Power        Failure   Level  Hunger
a - Corona                Hex            ##.....      4%          1    #......
b - Ensorcelled Hibernat  Hex/Ice        #.....       14%         2    ##.....

Your spell library contained the following spells:

 Spells                   Type           Power        Failure   Level  Hunger
 Confuse                  Hex            ##......     13%         3    ###....
 Tukima's Dance           Hex            ##......     13%         3    ###....
 Dazzling Spray           Conj/Hex       #.....       26%         3    ###....


Dungeon Overview and Level Annotations

Branches:
Dungeon (1/15)

Altars:


Innate Abilities, Weirdness & Mutations

You are small and have problems with some larger weapons.
You are carnivorous and can eat meat at any time.


Message History

You closely miss the jackal. The jackal closely misses you.
The jackal bites you but does no damage.
You closely miss the jackal. The jackal bites you.
* * * LOW HITPOINT WARNING * * *
You hit the jackal. You burn the jackal.
The jackal is moderately wounded.
The jackal barely misses you.
You hit the jackal. You burn the jackal.
You kill the jackal!
The bat misses you. The bat barely misses you.
You miss the bat. The bat barely misses you.
You hit the jackal but do no damage. The jackal misses you.
You hit the jackal. You burn the jackal.
The jackal is heavily wounded.
The jackal bites you.
* * * LOW HITPOINT WARNING * * *
It was a potion of flight.
You feel very buoyant.
You fly up into the air.
The jackal bites you.
You die...

.....#...#### %#
##....[....# .#
............#..#### ##
..#........(#...... ..#
.
####..............#.####
............####.#.#...
#.#...#.##...# #.#.#...
#.#####># .#.# #.#.#...
# #bh@.# # # #.#.#...
#h#### #.#..... .[.
#.#..... ..... #.......
#####. ###..... #.
#..... #. #.#... #.
#..... ####.#


You could see 2 jackals and a bat.

Vanquished Creatures
  A dart slug (D:1)
  A leopard gecko (D:1)
  5 goblins (D:1)
  A hobgoblin (D:1)
  2 jackals (D:1)
  4 bats (D:1)
  3 frilled lizards (D:1)
  2 kobolds (D:1)
  A rat (D:1)
20 creatures vanquished.

Notes
Turn   | Place    | Note
-------+----------+-------------------------------------------
     0 | D:1      | Leibowitz the Kobold Enchanter began the quest for the Orb.
     0 | D:1      | Reached XP level 1. HP: 10/10 MP: 3/3
   229 | D:1      | Reached XP level 2. HP: 7/15 MP: 5/5
   263 | D:1      | Learned a level 2 spell: Ensorcelled Hibernation
   549 | D:1      | Reached XP level 3. HP: 15/19 MP: 6/6
   571 | D:1      | Slain by a jackal

Vault maps used:
D:1:      dpeg_arrival_arbitrary_a

Action                   || total
-------------------------++-------
Melee: Dagger            ||    61
 Cast: Corona            ||     6
       Ensorcelled Hiber ||     3
  Use: Potion            ||     1
 Stab: Sleeping          ||     6
  Eat: Chunk             ||     5
Armor: Robe              ||     8
Dodge: Dodged            ||    47

Table legend:
 A = Non-vault XP
 B = Vault XP
 C = Vault XP percentage of total XP
 D = Non-vault monster count
 E = Vault monster count
 F = Vault count percentage of total count
                 A         B        C        D         E       F
            +---------+---------+-------+---------+---------+-------
      Total |      35 |       0 |   0.0 |      20 |       0 |   0.0
            +---------+---------+-------+---------+---------+-------
        D:1 |      35 |       0 |   0.0 |      20 |       0 |   0.0
            +---------+---------+-------+---------+---------+-------
